 Dungeon Crawl Stone Soup version 0.22-a0-433-gd2a9cce (webtiles) character file.

113 KristoblXynda the Cudgeler (level 4, -5/39 HPs)
             Began as a Naga Gladiator on May 28, 2018.
             Slain by rlgrobin's ghost (7 damage)
             ... on level 3 of the Dungeon.
             The game lasted 00:04:56 (1974 turns).

KristoblXynda the Cudgeler (Naga Gladiator)         Turns: 1974, Time: 00:04:57

Health: -5/39      AC:  9    Str: 18    XL:     4   Next: 96%
Magic:  4/4        EV: 13    Int:  8    God:
Gold:   138        SH:  0    Dex: 17    Spells: 3/3 levels left

rFire    . . .     SeeInvis +   s - +1 whip (drain)
rCold    . . .     Gourm    .   (no shield)
rNeg     . . .     Faith    .   p - +0 ring mail
rPois    +         Spirit   .   c - +0 helmet
rElec    .         Reflect  .   (no cloak)
rCorr    .         Harm     .   (no gloves)
MR       .....                  n - +0 naga barding
Stlth    ++++......             l - amulet of the acrobat
HPRegen  0.13/turn              k - ring of stealth
MPRegen  0.09/turn              (no ring)

@: agile, very slow
A: large, see invisible, deformed body, poison resistance, slowness 2, slow
metabolism 1, spit poison 1, AC +1
a: Spit Poison


You were on level 3 of the Dungeon.
You were not hungry.

You visited 1 branch of the dungeon, and saw 3 of its levels.

You collected 138 gold pieces.

Inventory:

Hand Weapons
 s - a +1 whip of draining (weapon)
Missiles
 d - 3 throwing nets (quivered)
Armour
 c - a +0 helmet (worn)
 n - a +0 naga barding (worn)
 p - a +0 ring mail (worn)
Jewellery
 k - a ring of stealth (left hand)
 l - an amulet of the acrobat (around neck)
Wands
 o - a wand of polymorph (18)
Scrolls
 g - a scroll of magic mapping {unknown}
 h - a scroll of immolation {unknown}
 i - 2 scrolls of identify
 m - 2 scrolls of fog {unknown}
Potions
 a - a potion of cancellation
 b - a potion of haste
 e - a potion of curing
 r - a potion of flight
Comestibles
 f - 5 rations


   Skills:
 - Level 2.0 Fighting
 * Level 4.2 Maces & Flails
 - Level 2.0 Throwing
 + Level 1.1 Armour
 + Level 3.0 Dodging
 + Level 2.5 Stealth


You had 3 spell levels left.
You didn't know any spells.
Your spell library was empty.

Dungeon Overview and Level Annotations

Branches:
Dungeon (3/15)

Altars:
Uskayaw

Annotations:
D:3 rlgrobin's ghost, amateur FoCK


Innate Abilities, Weirdness & Mutations

You cannot wear boots.
Your serpentine skin is tough. (AC +1)
You have supernaturally acute eyesight. (SInv)
Armour fits poorly on your strangely shaped body.
Your system is resistant to poisons. (rPois)
You cover ground very slowly.
You have a slow metabolism.
You can spit poison.


Message History

You hit rlgrobin's ghost but do no damage.
Rlgrobin's ghost is moderately damaged.
Rlgrobin's ghost hits you but does no damage.
You hit rlgrobin's ghost.
Rlgrobin's ghost is moderately damaged.
You hit rlgrobin's ghost.
Rlgrobin's ghost is moderately damaged.
Rlgrobin's ghost hits you.
You hit rlgrobin's ghost.
Rlgrobin's ghost is heavily damaged.
Rlgrobin's ghost hits you!
* * * LOW HITPOINT WARNING * * *
You hit rlgrobin's ghost but do no damage.
Rlgrobin's ghost is heavily damaged.
Rlgrobin's ghost hits you!
* * * LOW HITPOINT WARNING * * *
You hit rlgrobin's ghost but do no damage.
Rlgrobin's ghost is heavily damaged.
Rlgrobin's ghost hits you!
You die...

#...#.####### #....#
#...#.#..# #....#
##...#....##### ##..##
#.............. #..##
#............. #...#
#....?........ #.#.#
#........#### #.#.#
#.....W..# ...#.#
#...$..@.# ##.....#.#
#........##........#.#
########..............
#)#....######.#
#######.#.......
#.......##...###
#....#### .?.# #....#
...# #....# ###


You could see rlgrobin's ghost.

Vanquished Creatures
  7 adders
  A dart slug (D:1)
  A leopard gecko (D:1)
  An orc (D:3)
  A ball python (D:2)
  8 goblins
  4 hobgoblins
  2 jackals (D:2)
  3 kobolds
  4 quokkas
  6 bats
  3 frilled lizards
  6 rats
47 creatures vanquished.

Notes
Turn   | Place    | Note
-------+----------+-------------------------------------------
     0 | D:1      | KristoblXynda the Naga Gladiator began the quest for the Orb.
     0 | D:1      | Reached XP level 1. HP: 19/19 MP: 1/1
   193 | D:1      | Reached XP level 2. HP: 24/26 MP: 2/2
   631 | D:2      | Reached skill level 1 in Stealth
   631 | D:2      | Reached XP level 3. HP: 15/32 MP: 3/3
  1320 | D:2      | Found a hide-covered altar of Uskayaw.
  1410 | D:2      | Reached XP level 4. HP: 31/39 MP: 4/4
  1535 | D:3      | Reached skill level 4 in Maces & Flails
  1706 | D:3      | Reached skill level 1 in Armour
  1824 | D:3      | Noticed rlgrobin's ghost (amateur FoCK)
  1974 | D:3      | Slain by rlgrobin's ghost

Vault maps used:
D:1:      dpeg_arrival_tiny_i, minmay_tromino_i4
D:2:      overflow_temple_1_default
D:3:      first_ration, uniq_sigmund

Skill      XL: |  1  2  3  4 |
---------------+-------------+-----
Throwing       | 2 |  2.0
Stealth        | 1 2 |  2.5
Maces & Flails | 4 |  4.2
Armour         | 1 |  1.1
Dodging        | 3 |  3.0
Fighting       | |  2.0

Action                   |  1- 3 |  4- 6 || total
-------------------------+-------+-------++-------
Melee: Flail             |   100 |       ||   100
       Whip              |    35 |   118 ||   153
 Abil: Spit Poison       |     8 |     1 ||     9
  Use: Scroll            |     2 |     4 ||     6
       Potion            |       |     3 ||     3
 Stab: Sleeping          |     1 |     2 ||     3
       Distracted        |     1 |       ||     1
  Eat: Chunk             |     2 |       ||     2
       Ration            |       |     1 ||     1
Armor: Leather armour    |    50 |       ||    50
       Ring mail         |    36 |    59 ||    95
Dodge: Dodged            |    68 |    55 ||   123

Table legend:
 A = Spawn XP
 B = Non-spawn XP
 C = Spawn XP percentage of total XP
 D = Spawn monster count
 E = Non-spawn monster count
 F = Spawn count percentage of total count
 G = Total turns spent on level
                    A         B        C        D         E        F      G
               +---------+---------+-------+---------+---------+-------+---------
         Total |       0 |     162 |   0.0 |       0 |      47 |   0.0 |  1974
               +---------+---------+-------+---------+---------+-------+---------
           D:1 |       0 |      23 |   0.0 |       0 |      14 |   0.0 |   551
           D:2 |       0 |      74 |   0.0 |       0 |      22 |   0.0 |   950
           D:3 |       0 |      65 |   0.0 |       0 |      11 |   0.0 |   473
               +---------+---------+-------+---------+---------+-------+---------
